 Dungeon Crawl Stone Soup version 0.19.1-1-g22dce08 (webtiles) character file.

1103 evildog the Cleaver (level 8, 0/58 HPs)
             Began as a Formicid Fighter on Dec 29, 2016.
             Was a Follower of Qazlal.
             Slain by a river rat (6 damage)
             ... in a sewer.
             The game lasted 00:14:18 (6386 turns).

evildog the Cleaver (Formicid Fighter)              Turns: 6386, Time: 00:14:19

Health: 0/58       AC:  6    Str: 22    XL:     8   Next: 58%
Magic:  8/8        EV:  8    Int:  9    God:    Qazlal [*.....]
Gold:   326        SH: 11    Dex: 10    Spells: 0 memorised, 7 levels left

rFire  . . .     SeeInvis +     a - +1 war axe
rCold  . . .     Gourm    .     b - +0 scale mail
rNeg   . . .     Faith    .     c - +0 shield
rPois  .         Spirit   .     (helmet unavailable)
rElec  .         Reflect  .     (no cloak)
rCorr  .         Harm     .     (no gloves)
MR     .....                    (no boots)
Stlth  ..........               (no amulet)
                                (no ring)
                                (no ring)

@: no status effects
A: permanent stasis, dig shafts and tunnels, four strong arms, antennae 3
a: Dig, Shaft Self, Renounce Religion


You were in a sewer.
You worshipped Qazlal.
Qazlal was aware of your devotion.
You were not hungry.

You visited 2 branches of the dungeon, and saw 6 of its levels.
You also visited: Sewer.

You collected 326 gold pieces.

Inventory:

Hand Weapons
 a - a +1 war axe (weapon)
Armour
 b - a +0 scale mail (worn)
 c - a +0 shield (worn)
 n - a +0 chain mail
Jewellery
 j - an uncursed ring of see invisible {unknown}
 o - an uncursed ring of ice {unknown}
 A - an uncursed ring of resist corrosion {unknown}
Wands
 r - a wand of disintegration (9/24)
Scrolls
 h - 2 scrolls of teleportation {unknown}
 q - a scroll of fear
 t - 2 scrolls of amnesia {unknown}
 v - a scroll of enchant weapon
 x - a scroll of fog
 y - a scroll of blinking
Potions
 d - a potion of brilliance {unknown}
 e - 3 potions of curing
 g - a potion of lignification {unknown}
 k - a potion of cancellation {unknown}
 l - a potion of degeneration {unknown}
 m - a potion of invisibility
 u - a potion of ambrosia {unknown}
 z - a potion of might
 B - a potion of heal wounds {unknown}
 C - 2 potions of flight {unknown}
 D - a potion of magic {unknown}
 E - a potion of cure mutation {unknown}
Comestibles
 f - 5 bread rations
 i - 3 meat rations
 F - a slice of pizza


   Skills:
 - Level 3.2 Fighting
 + Level 9.8 Axes
 - Level 3.2 Armour
 - Level 3.6 Shields


You had 7 spell levels left.
You didn't know any spells.

Dungeon Overview and Level Annotations

Branches:
Dungeon (5/15)             Temple (1/1) D:4

Altars:
Ashenzari
Dithmenos
Fedhas
Hepliaklqana
Makhleb
Nemelex Xobeh
Okawaru
Qazlal
Trog
Uskayaw
Xom
Yredelemnul
Zin

Shops:
D:4 *


Innate Abilities, Weirdness & Mutations

You are under a permanent stasis effect.
You can dig through walls and to a lower floor.
Your four strong arms can wield two-handed weapons with a shield.
You have a pair of large antennae on your head. (SInv)


Message History

You are too injured to fight recklessly!
A river rat is nearby!
Your shield prevents you from hitting the river rat.
The river rat bites you.
* * * LOW HITPOINT WARNING * * *
You barely miss the river rat. The river rat bites you.
* * * LOW HITPOINT WARNING * * *
You barely miss the river rat. The river rat bites you.
* * * LOW HITPOINT WARNING * * *
You slash the river rat!
The river rat is almost dead.
The river rat bites you.
* * * LOW HITPOINT WARNING * * *
Your unstable footing causes you to fumble your attack.
The river rat bites you.
* * * LOW HITPOINT WARNING * * *
You closely miss the river rat.
The river rat is almost dead.
The river rat bites you.
You die...

#≈≈......∩.≈≈≈..≈≈#
#≈≈≈.≈......≈.≈≈≈≈#
#≈..≈....∩..≈.≈≈≈≈#
#≈≈.≈≈....≈....≈≈≈## #
≈.≈≈≈≈.≈....≈≈.≈≈## #####
.##≈...≈≈.≈≈##....####≈(≈(
##≈.≈≈..≈####.≈≈...≈≈###
##..≈≈r≈≈## #≈≈.≈≈≈≈≈# #
#≈≈≈≈≈≈@..####≈≈≈..≈≈###
≈≈≈.≈≈≈≈...≈########≈≈≈(
≈≈≈#####..≈≈≈# ##### ..#
##≈≈≈.# # .# ##††≈# #...#
#≈≈.# #≈≈≈# ≈.≈≈.


You could see a river rat.

Vanquished Creatures
  The ghost of Vojta the Ruffian, an amateur DrTm (D:3)
  4 big kobolds (Sewer)
  Blork the orc (D:4)
  A centaur skeleton (D:5)
  2 orc priests (D:4)
  A hound (D:3)
  6 orc wizards
  Terence (D:2)
  A worker ant (D:3)
  A howler monkey skeleton (D:4)
  15 adders
  2 river rats (Sewer)
  11 worms
  2 dart slugs (D:1)
  10 leopard geckos
  14 orcs
  A ball python (Sewer)
  6 giant cockroaches
  8 goblins
  8 hobgoblins
  16 jackals
  15 kobolds
  4 quokkas
  A ball python skeleton (D:4)
  9 bats
  3 frilled lizards
  A leopard gecko skeleton (D:5)
  8 rats
153 creatures vanquished.

Notes
Turn   | Place    | Note
-------+----------+-------------------------------------------
     0 | D:1      | evildog the Formicid Fighter began the quest for the Orb.
     0 | D:1      | Reached XP level 1. HP: 18/18 MP: 1/1
    79 | D:1      | Reached XP level 2. HP: 20/24 MP: 2/2
   155 | D:1      | Reached skill level 3 in Axes
   257 | D:1      | Reached XP level 3. HP: 27/29 MP: 3/3
  1005 | D:2      | Reached skill level 4 in Axes
  1005 | D:2      | Reached XP level 4. HP: 33/35 MP: 4/4
  1014 | D:2      | Noticed Terence
  1025 | D:2      | Killed Terence
  1520 | D:2      | Reached XP level 5. HP: 36/41 MP: 5/5
  1531 | D:2      | Reached skill level 5 in Axes
  2807 | D:3      | Reached XP level 6. HP: 46/47 MP: 6/6
  2888 | D:3      | Reached skill level 6 in Axes
  3203 | D:3      | HP: 2/47 [orc wizard/magic dart (7)]
  3872 | D:3      | Noticed Vojta's ghost (amateur DrTm)
  3899 | D:3      | Killed Vojta's ghost
  3899 | D:3      | Reached skill level 7 in Axes
  3899 | D:3      | Reached XP level 7. HP: 30/52 MP: 7/7
  4929 | D:4      | Reached skill level 8 in Axes
  5018 | D:4      | Found Mieckah's General Store.
  5079 | D:4      | Noticed Blork the orc
  5081 | D:4      | Found a blossoming altar of Fedhas.
  5091 | D:4      | Killed Blork the orc
  5092 | D:4      | Found a shimmering altar of Xom.
  5168 | D:4      | Found a staircase to the Ecumenical Temple.
  5172 | Temple   | Entered the Ecumenical Temple
  5289 | Temple   | Became a worshipper of Qazlal Stormbringer
  5342 | D:4      | Reached XP level 8. HP: 36/58 MP: 8/8
  5725 | D:4      | Found a bloodstained altar of Trog.
  5860 | D:5      | Entered Level 5 of the Dungeon
  5860 | D:5      | Found a hazy altar of Hepliaklqana.
  5931 | D:5      | Found a glowing drain.
  5947 | Sewer    | Entered a sewer
  5975 | Sewer    | Reached skill level 9 in Axes
  6194 | Sewer    | Reached * piety under Qazlal
  6386 | Sewer    | Slain by a river rat

Skill      XL: |  1  2  3  4  5  6  7  8 |
---------------+-------------------------+-----
Axes           | 3 4 5 7 8 9 |  9.8
Fighting       | |  3.2
Armour         | |  3.2
Shields        | |  3.6

Action                   |  1- 3 |  4- 6 |  7- 9 || total
-------------------------+-------+-------+-------++-------
Melee: War axe           |   106 |   276 |   274 ||   656
Evoke: Wand              |       |     2 |     1 ||     3
  Use: Potion            |       |     2 |       ||     2
       Scroll            |       |       |     6 ||     6
  Eat: Chunk             |       |    10 |     6 ||    16
       Fruit             |       |       |     5 ||     5
Armor: Scale mail        |    63 |    93 |    73 ||   229
Dodge: Dodged            |    41 |    77 |    58 ||   176
Block: Shield            |    74 |   146 |   120 ||   340
